Map: Oxide LE

Players

DRG

  • Race: Zerg Zerg
  • Spawn Location: 1:00

soul - Winner!

  • Race: Terran Terran
  • Spawn Location: 7:00

Event: StayAtHome Story Cup #3

VOD

Have the link to the VOD?

Description

Time

  • Played on: March 12, 2021, 10:08 a.m.
  • Length: 13:27

All games in this series

Show
View Real Time Build Order
Export as new Build Order

DRG Zerg 

Build Orders: Pool First 

Get SALT Encoding   

  12  0:00  Drone  
  13  0:12  Overlord  
  13  0:17  Drone  
  14  0:30  Drone x2  
  14  0:34  Drone  
  17  0:44  Extractor  
  17  0:46  Spawning Pool  
  17  0:49  Drone  
  16  0:56  Drone  
  17  1:06  Drone  
  18  1:18  Hatchery  
  17  1:33  Zergling x4  
  17  1:36  Queen  
  21  1:40  Drone  
  22  1:51  Roach Warren  
  21  1:55  Drone  
  22  2:02  Overlord  
  22  2:31  Roach x3  
  22  2:33  Roach  
  30  2:42  Roach  
  31  2:46  Roach x2  
  31  2:47  Overlord  
  34  2:58  Ravager  
  35  3:03  Drone  
  35  3:04  Overlord  
  36  3:08  Drone x3  
  36  3:11  Ravager  
  40  3:14  Drone  
  41  3:21  Drone x2  
  41  3:24  Drone  
  44  3:28  Drone  
  44  3:29  Drone  
  44  3:33  Drone  
  47  3:39  Ravager  
  48  3:47  Overlord  
  48  3:54  Drone, Overlord  
  49  3:57  Drone  
  47  4:03  Drone x2  
  47  4:05  Queen  
  51  4:18  Drone  
  51  4:20  Drone  
  51  4:23  Queen  
  55  4:27  Drone  
  55  4:30  Drone  
  55  4:34  Hatchery  
  55  4:38  Metabolic Boost  
  49  4:40  Drone x5  
  47  4:45  Queen  
  47  4:51  Overlord  
  49  4:55  Drone x2  
  49  4:58  Queen  
  53  5:03  Extractor  
  53  5:04  Drone, Extractor  
  52  5:08  Drone, Baneling Nest  
  52  5:13  Drone x5  
  57  5:17  Drone x3  
  60  5:22  Lair  
  60  5:26  Drone  
  61  5:36  Queen  
  61  5:40  Zergling x10  
  68  5:43  Overlord  
  68  5:47  Drone x2  
  70  5:52  Drone  
  70  5:53  Drone  
  70  5:55  Drone x2  
  74  5:58  Overlord  
  74  6:00  Overlord  
  74  6:01  Evolution Chamber  
  73  6:04  Drone  
  73  6:05  Evolution Chamber  
  73  6:07  Overlord  
  73  6:09  Drone  
  73  6:10  Drone x2  
  76  6:14  Extractor  
  76  6:15  Overlord  
  76  6:16  Drone  
  74  6:20  Drone x4  
  74  6:21  Glial Reconstitution  
  74  6:23  Drone, Overseer  
  74  6:24  Overlord  
  79  6:27  Drone x3  
  79  6:28  Zerg Missile Weapons Level 1  
  79  6:31  Extractor, Zerg Ground Armor Level 1  
  79  6:32  Extractor  
  80  6:35  Overlord  
  80  6:37  Drone x2  
  82  6:41  Overlord  
  82  6:45  Roach  
  84  6:50  Roach x2  
  88  6:54  Roach x2  
  88  6:57  Roach x2  
  96  7:05  Hatchery  
  96  7:07  Roach x6  
  106  7:12  Overlord  
  106  7:18  Roach x6  
  106  7:21  Overlord  
  118  7:23  Overlord  
  118  7:27  Roach  
  120  7:32  Overlord  
  120  7:36  Roach x2  
  124  7:43  Roach  
  124  7:44  Overlord  
  124  7:45  Ravager x6  
  124  7:46  Ravager  
  124  7:49  Roach x2  
  135  7:55  Roach x3  
  141  8:00  Overlord x2  
  141  8:06  Roach x6  
  141  8:09  Overlord  
  153  8:14  Roach x5  
  153  8:17  Overlord  
  163  8:23  Zergling x4, Ravager x2  
  163  8:26  Zergling x2  
  168  8:31  Zergling x4  
  168  8:34  Roach x7  
  182  8:44  Roach x6  
  171  8:50  Roach x3  
  158  8:56  Roach x2  
  152  9:05  Roach x6  
  153  9:15  Drone x4  
  130  9:18  Infestation Pit  
  130  9:19  Hydralisk Den  
  130  9:22  Roach  
  130  9:23  Roach x4  
  138  9:24  Queen  
  138  9:28  Drone  
  138  9:30  Zerg Missile Weapons Level 2  
  141  9:37  Drone x3  
  141  9:38  Roach x3  
  150  9:43  Drone x2  
  150  9:45  Extractor x2  
  150  9:47  Roach x3  
  150  9:52  Lurker Den  
  155  9:57  Drone x3  
  158  10:02  Drone x4  
  162  10:07  Zerg Ground Armor Level 2  
  162  10:15  Overlord  
  162  10:19  Roach x3  
  162  10:20  Roach x3  
  174  10:28  Hydralisk x4  
  178  10:34  Zergling x12  
  188  10:42  Lair  
  188  10:53  Hatchery, Hydralisk x2  
  191  10:57  Grooved Spines  
  190  11:06  Hydralisk x2  
  191  11:21  Drone x2  
  191  11:24  Spore Crawler  
  192  11:28  Hatchery, Ravager  
  192  11:29  Ravager x8  
  198  11:52  Roach x2  
  200  12:06  Roach x3  
  200  12:07  Roach x16  
  199  12:09  Muscular Augments  
  199  12:13  Roach x4  
  191  12:21  Roach x5  
  187  12:25  Roach x5  
  195  12:31  Roach x2  
  195  12:32  Ravager  
  167  12:45  Roach x8  
  167  12:51  Roach x2  
  151  12:56  Roach x6  
  151  12:57  Hydralisk x2, Roach x2  
  163  13:00  Ravager x2  
  165  13:06  Roach x5  
Show
View Real Time Build Order
Export as new Build Order

soul Terran - Winner!

Build Orders: Command Center First (CC) 

Get SALT Encoding   

  12  0:00  SCV  
  13  0:12  SCV  
  14  0:17  Supply Depot  
  14  0:24  SCV  
  15  0:38  SCV  
  16  0:51  SCV  
  17  0:58  Command Center  
  17  1:03  SCV  
  18  1:13  Barracks  
  18  1:16  SCV  
  19  1:21  Refinery  
  19  1:26  Refinery  
  19  1:29  SCV  
  20  1:42  SCV  
  21  1:54  SCV  
  22  1:59  Reaper  
  23  2:06  Orbital Command  
  23  2:10  Orbital Command  
  23  2:17  Factory  
  23  2:23  Supply Depot  
  23  2:33  Marine  
  23  2:36  SCV  
  25  2:38  Bunker  
  25  2:40  SCV  
  26  2:49  SCV  
  27  2:55  Barracks Tech Lab  
  27  2:58  SCV  
  28  3:01  SCV  
  29  3:07  Supply Depot  
  29  3:10  SCV  
  30  3:13  SCV  
  31  3:22  Marine  
  31  3:25  Cyclone  
  31  3:27  Starport, SCV  
  36  3:31  Supply Depot  
  36  3:32  SCV  
  37  3:39  SCV, Supply Depot  
  37  3:48  Supply Depot  
  37  3:50  Marine  
  37  3:53  SCV  
  37  3:54  SCV  
  39  3:59  Siege Tank  
  38  4:05  SCV  
  38  4:08  SCV, Marine  
  37  4:17  SCV  
  37  4:24  Supply Depot  
  37  4:27  SCV  
  33  4:39  SCV  
  33  4:42  SCV  
  33  4:43  Command Center  
  34  4:51  SCV  
  35  4:55  SCV  
  36  5:01  Factory Reactor  
  36  5:03  SCV  
  36  5:07  SCV, Barracks  
  38  5:09  Barracks  
  38  5:11  Stimpack  
  38  5:15  Starport, SCV  
  38  5:19  SCV  
  40  5:24  Supply Depot  
  40  5:27  SCV  
  41  5:31  SCV  
  41  5:35  Engineering Bay  
  42  5:36  Engineering Bay  
  42  5:39  SCV  
  43  5:43  SCV  
  43  5:45  Factory Tech Lab  
  43  5:46  Marine  
  45  5:50  Bunker  
  45  5:51  SCV  
  45  5:52  Starport Reactor  
  45  5:55  SCV  
  47  5:57  Orbital Command  
  47  5:59  Barracks Reactor  
  47  6:02  Terran Infantry Weapons Level 1  
  47  6:03  Terran Infantry Armor Level 1, SCV  
  48  6:05  Marine  
  48  6:06  Marine  
  48  6:07  SCV, Marine  
  48  6:11  Refinery  
  52  6:12  Refinery  
  52  6:17  SCV  
  53  6:21  Barracks  
  53  6:23  Marine  
  54  6:26  Barracks  
  54  6:29  Marine x2  
  56  6:32  Medivac  
  56  6:35  SCV  
  56  6:36  Marine  
  56  6:37  Marine  
  56  6:39  Medivac  
  63  6:40  Marine  
  63  6:41  SCV  
  63  6:47  SCV, Marine x2  
  66  6:48  Orbital Command  
  66  6:49  Supply Depot  
  66  6:53  SCV  
  69  6:54  Marine x2  
  69  6:58  Marine  
  69  6:59  SCV, Siege Tank  
  69  7:00  Combat Shield  
  76  7:05  SCV  
  76  7:07  Marine  
  78  7:10  Marine  
  78  7:11  SCV  
  78  7:12  Marine x2, Supply Depot  
  78  7:14  Barracks Reactor  
  78  7:15  SCV  
  80  7:16  Barracks Reactor  
  80  7:17  SCV  
  80  7:20  Marine  
  82  7:23  SCV  
  82  7:25  Marine  
  82  7:27  SCV  
  82  7:29  SCV  
  86  7:32  Siege Tank  
  86  7:35  SCV, Marine x3  
  92  7:38  Marine, Supply Depot  
  92  7:39  SCV, Supply Depot  
  92  7:41  SCV  
  92  7:43  Armory  
  95  7:47  SCV  
  95  7:48  Refinery  
  95  7:49  Marine  
  95  7:50  Medivac  
  99  7:51  SCV  
  99  7:52  Marine  
  101  7:59  Marine x6  
  101  8:00  SCV x2  
  101  8:01  Marine  
  101  8:04  Supply Depot, Siege Tank  
  113  8:06  Supply Depot  
  113  8:07  Marine  
  113  8:08  SCV  
  113  8:10  Marine  
  116  8:13  Supply Depot  
  116  8:17  Marine  
  117  8:23  Bunker x2  
  117  8:26  Marine x6  
  123  8:33  Marine  
  124  8:34  Marine  
  124  8:35  Supply Depot x3  
  124  8:36  Siege Tank  
  124  8:37  Marine  
  117  8:51  Marine  
  117  8:54  Marine  
  110  8:56  Medivac x2  
  110  8:58  Marine x2  
  110  9:01  Marine x5  
  115  9:03  SCV  
  115  9:04  SCV  
  115  9:08  Siege Tank  
  115  9:09  SCV, Marine  
  122  9:12  Marine  
  122  9:15  SCV  
  119  9:19  Terran Infantry Weapons Level 2  
  119  9:24  Engineering Bay  
  116  9:26  Marine x6  
  116  9:28  SCV  
  122  9:32  SCV  
  122  9:34  SCV  
  124  9:40  SCV, Siege Tank  
  124  9:41  Supply Depot x2  
  124  9:44  SCV, Marine x2  
  131  9:49  Marine x3  
  131  9:52  Missile Turret  
  136  9:54  Terran Infantry Armor Level 2  
  136  9:55  Marine  
  136  9:59  SCV x2  
  137  10:02  Marine  
  137  10:08  Marine  
  137  10:12  Command Center, Siege Tank  
  137  10:13  Marine  
  142  10:17  SCV x2  
  142  10:18  Supply Depot  
  142  10:19  SCV, Marine x2  
  142  10:20  Marine  
  142  10:21  Marine  
  149  10:24  Medivac  
  149  10:27  Medivac  
  153  10:31  Supply Depot  
  153  10:32  Supply Depot  
  153  10:33  Marine x4  
  156  10:43  Marine x5  
  156  10:44  Siege Tank  
  155  10:51  Marine x4  
  155  10:56  Medivac  
  160  10:59  Supply Depot  
  160  11:01  Marine x5  
  165  11:08  Marine  
  165  11:09  Marine x3  
  167  11:16  Siege Tank  
  170  11:19  Marine x5  
  170  11:22  Liberator  
  178  11:26  Marine  
  178  11:27  Marine x3  
  178  11:30  SCV x2, Factory  
  178  11:31  SCV  
  185  11:36  Marine  
  185  11:37  Marine x4  
  187  11:44  Marine x2  
  187  11:46  Liberator  
  191  11:56  Marine x4  
  191  11:57  Marine x3  
  197  12:02  Marine x2  
  197  12:04  Liberator  
  160  12:14  Marine x7  
  160  12:15  SCV x3  
  149  12:27  SCV x3, Marine  
  149  12:29  Marine  
  153  12:32  Marine x4  
  153  12:37  Marine x3  
  157  12:39  SCV x3  
  151  12:45  Marine  
  151  12:47  Marine  
  151  12:50  Marine x4  
  136  12:51  SCV  
  136  12:52  SCV x2  
  136  12:54  Marine  
  136  12:56  Marine, Medivac  
  136  12:57  Marine  
  143  13:04  SCV x3, Marine  
  149  13:08  Marine x5  
Tags
 
Add a new tag
Caveats
  • Supply blocks, unpowered buildings, or Contaminate may cause inaccurate times.
  • Supply counts are checked every 10 seconds.